 Dungeon Crawl Stone Soup version 0.20-a0-736-gd3249da (webtiles) character file.

121 KrozogBurug the Ogre Mage (level 5, -1/45 HPs)
             Began as an Ogre Wizard on Feb 23, 2017.
             Killed by divine providence
             ... invoked by an orc priest
              (10 damage)
             ... on level 4 of the Dungeon.
             The game lasted 00:08:56 (5320 turns).

KrozogBurug the Ogre Mage (Ogre Wizard)             Turns: 5320, Time: 00:08:57

Health: -1/45      AC:  4    Str: 11    XL:     5   Next: 5%
Magic:  18/20      EV: 10    Int: 20    God:
Gold:   175        SH:  0    Dex:  7    Spells: 3/12 levels left

rFire    + . .     SeeInvis .   y - +0 flail
rCold    . . .     Gourm    .   a - +0 robe
rNeg     . . .     Faith    .   (no shield)
rPois    .         Spirit   .   b - +0 hat
rElec    .         Reflect  .   p - +0 cloak
rCorr    .         Harm     .   (gloves unavailable)
MR       .....                  (boots unavailable)
Stlth    +.........             (no amulet)
Regen    0.2/turn               o - ring of protection from fire
MPRegen  0.2/turn               u - ring of magical power

@: confused, very slightly contaminated
A: unfitting armour, tough skin 1
a: no special abilities


You were on level 4 of the Dungeon.
You were hungry.

You visited 1 branch of the dungeon, and saw 4 of its levels.

You collected 175 gold pieces.

Inventory:

Hand Weapons
 y - a +0 flail (weapon)
Armour
 a - a +0 robe (worn)
 b - a +0 hat (worn)
 p - a +0 cloak (worn)
Jewellery
 o - a ring of protection from fire (right hand)
 u - a ring of magical power (left hand)
Scrolls
 f - a scroll of noise {unknown}
 g - 2 scrolls of recharging {unknown}
 h - 4 scrolls of teleportation
 i - a scroll of amnesia {unknown}
 n - 2 scrolls of identify {unknown}
 s - a scroll of blinking {unknown}
 t - a scroll of enchant weapon {unknown}
 w - a scroll of remove curse {unknown}
Potions
 e - a potion of ambrosia
 q - a potion of flight {unknown}
 r - a potion of cancellation {unknown}
 x - a potion of heal wounds {unknown}
Books
 c - a book of Minor Magic

   Spells                             Type                      Level
   a - Magic Dart                     Conjuration                  1
   b - Blink                          Translocation                2
   c - Call Imp                       Summoning                    2
   d - Slow                           Hexes                        2
   e - Conjure Flame                  Conjuration/Fire             3
   f - Mephitic Cloud                 Conjuration/Poison/Air       3
Comestibles
 d - 8 bread rations
 k - 2 meat rations
 l - 6 fruits
 m - 4 royal jellies
 v - 6 chunks of flesh


   Skills:
 - Level 1.7 Dodging
 - Level 1.4 Stealth
 - Level 4.0 Spellcasting
 - Level 4.0 Conjurations
   Level 0.8 Summonings
 - Level 0.8 Translocations
 + Level 0.0 Air Magic


You had 3 spell levels left.
You knew the following spells:

 Your Spells              Type           Power        Failure   Level  Hunger
a - Magic Dart            Conj           ###.         2%          1    None
b - Blink                 Tloc           N/A          17%         2    #......
c - Mephitic Cloud        Conj/Pois/Air  #.......     24%         3    ###....
d - Conjure Flame         Conj/Fire      ##......     17%         3    ###....


Dungeon Overview and Level Annotations

Branches:
Dungeon (4/15)
 Temple: D:4-7

Altars:
Xom

Annotations:
D:4 Dowan, Duvessa


Innate Abilities, Weirdness & Mutations

You are too large for most types of armour.
You have tough skin. (AC +1)


Message History

Casting: Mephitic Cloud
Confirm with . or Enter, or press ? or * to list all spells.
Aiming: Mephitic Cloud
Press: ? - help, Shift-Dir - straight line, f/p - orc priest
Aim: an orc priest, wielding a dagger and wearing a glowing chain mail (heavily wounded) That beam is likely to hit you.
Continue anyway?
The ball explodes into a vile cloud!
The stinking cloud engulfs the orc priest.
The orc priest appears unharmed.
The orc priest is heavily wounded.
The stinking cloud engulfs Dowan.
Dowan is lightly wounded.
The stinking cloud engulfs you!
You are engulfed in noxious fumes.
You choke on the stench!
You are confused.
* * * LOW HITPOINT WARNING * * *
The orc seems less confused.
The orc priest mumbles some strange prayers to Beogh against you.
Beogh smites you!
You die...

o.. . #......... #.###.
####.... #.#.# #.### #.o#
##.### #.#####.#####..#
#.....
#...........e..#####..###
######e#####........>#
##o###.#########.#
#ยง.@..)..........#
##>###.########### ###
###


You could see Dowan, an orc priest and an orc.

Vanquished Creatures
  3 adders
  3 oozes
  A worm (D:2)
  6 dart slugs
  2 orcs
  4 ball pythons
  7 bats
  4 giant cockroaches
  6 goblins
  7 hobgoblins
  5 jackals (D:2)
  3 frilled lizards
  4 kobolds
  11 rats
66 creatures vanquished.

Notes
Turn   | Place    | Note
-------+----------+-------------------------------------------
     0 | D:1      | KrozogBurug the Ogre Wizard began the quest for the Orb.
     0 | D:1      | Reached XP level 1. HP: 16/16 MP: 5/5
    44 | D:1      | Reached skill level 1 in Conjurations
   501 | D:1      | Reached XP level 2. HP: 24/24 MP: 1/6
   741 | D:1      | Learned a level 2 spell: Blink
  1137 | D:1      | Reached XP level 3. HP: 29/31 MP: 5/8
  1142 | D:1      | Learned a level 3 spell: Mephitic Cloud
  1146 | D:1      | Learned a level 3 spell: Conjure Flame
  1175 | D:1      | Found a shimmering altar of Xom.
  1621 | D:1      | Found a shimmering altar of Xom.
  2918 | D:1      | Found a shimmering altar of Xom.
  3253 | D:2      | Reached XP level 4. HP: 33/39 MP: 6/10
  5172 | D:4      | Noticed Duvessa
  5246 | D:4      | Reached XP level 5. HP: 40/45 MP: 11/11
  5307 | D:4      | Noticed Dowan
  5320 | D:4      | Killed from afar by an orc priest

Vault maps used:
D:1:      minmay_arrival_jagged, xom_teletrap_fun
D:3:      first_bread
D:4:      minmay_misc_feat_roman, minivault_5, serial_park_tiny_1, uniq_duvessa

Skill      XL: |  1  2  3  4  5 |
---------------+----------------+-----
Conjurations   | 1 2 3 4 |  4.0
Spellcasting   | 4 |  4.0
Dodging        | |  1.7
Stealth        | |  1.4
Summonings     | |  0.8
Translocations | |  0.8

Action                   |  1- 3 |  4- 6 || total
-------------------------+-------+-------++-------
Melee: Unarmed           |    35 |       ||    35
       Club              |    79 |    63 ||   142
       Flail             |       |     4 ||     4
 Cast: Magic Dart        |    75 |    77 ||   152
       Mephitic Cloud    |       |     2 ||     2
  Use: Scroll            |       |     1 ||     1
       Potion            |       |     1 ||     1
 Stab: Sleeping          |     1 |       ||     1
  Eat: Chunk             |     4 |     6 ||    10
       Fruit             |     4 |       ||     4
Armor: Robe              |    37 |    28 ||    65
Dodge: Dodged            |    57 |    64 ||   121
